2979 views
Uploaded 2019-12-01 20:48:09
Game version 1.32.0.3 / 1.32.0.3.1
47:51 long 4on4 ladder game on (8)MarketSquare
Saved by iggythefisk
2979 views
Uploaded 2019-12-01 20:48:09
Game version 1.32.0.3 / 1.32.0.3.1
47:51 long 4on4 ladder game on (8)MarketSquare


214 units @ 31.4k
/ 5.5k
123 buildings @ 15.7k
/ 7.2k


| Lesser Clarity Potion | 1 | 70 |
| Orb of Venom | 1 | 325 |
| Scroll of Town Portal | 1 | 350 |
| Boots of Speed | 2 | 500 |
| total: | 5 | 1245g |
| Wisp | 19 | 1140 | / | 0 |
| Archer | 17 | 2210 | / | 170 |
| Huntress | 3 | 585 | / | 60 |
| Hippogryph | 11 | 1760 | / | 220 |
| Glaive Thrower | 2 | 420 | / | 130 |
| Faerie Dragon | 7 | 1085 | / | 175 |
| total: | 59 | 7200g | / | 755w |
| Ancient Protector | 4 | 540 | / | 320 |
| Altar of Elders | 1 | 180 | / | 50 |
| Moon Well | 14 | 2520 | / | 560 |
| Ancient of War | 2 | 300 | / | 120 |
| Ancient of Wonders | 1 | 90 | / | 30 |
| Hunter's Hall | 1 | 210 | / | 100 |
| Tree of Life | 1 | 340 | / | 185 |
| Ancient of Wind | 2 | 300 | / | 280 |
| Tree of Ages | 2 | 640 | / | 360 |
| Tree of Eternity | 1 | 330 | / | 200 |
| total: | 26 | 4480g | / | 1645w |
| 0:02 | Wisp |
| 0:02 | Wisp |
| 0:02 | Wisp |
| 0:06 | Altar of Elders |
| 0:13 | Moon Well |
| 0:39 | Ancient of War |
| 0:42 | Wisp |
| 0:54 | Wisp |
| 1:08 | Wisp |
| 1:29 | Ancient of Wonders |
| 1:35 | Wisp |
| 1:43 | Archer |
| 1:51 | Moon Well |
| 2:04 | Archer |
| 2:09 | Entangling Roots |
| 2:16 | Archer |
| 2:53 | Archer |
| 2:55 | Hunter's Hall |
| 3:05 | Wisp |
| 3:05 | Wisp |
| 3:18 | Moon Well |
| 3:35 | Lesser Clarity Potion |
| 3:57 | Archer |
| 4:00 | Huntress |
| 4:26 | Ultravision |
| 4:35 | Tree of Ages |
| 5:17 | Moon Well |
| 5:44 | Force of Nature |
| 5:56 | Huntress |
| 5:56 | Huntress |
| 5:58 | Strength of the Moon |
| 6:19 | Moon Armor |
| 7:53 | Ancient of Wind |
| 7:57 | Ancient of Wind |
| 8:04 | Ancient of War |
| 8:07 | Moon Well |
| 8:09 | Wisp |
| 8:21 | Entangling Roots |
| 8:31 | Improved Bows |
| 8:33 | Improved Strength of the Moon |
| 9:09 | Tree of Life |
| 9:12 | Wisp |
| 9:15 | Wisp |
| 9:15 | Wisp |
| 9:48 | Ancient Protector |
| 10:08 | Wisp |
| 11:19 | Hippogryph |
| 11:24 | Archer |
| 11:36 | Moon Well |
| 11:40 | Wisp |
| 11:41 | Wisp |
| 11:41 | Wisp |
| 11:41 | Wisp |
| 11:41 | Wisp |
| 11:55 | Hippogryph |
| 11:57 | Archer |
| 12:05 | Tree of Eternity |
| 12:43 | Archer |
| 12:44 | Hippogryph |
| 14:06 | Improved Moon Armor |
| 14:46 | Advanced Strength of the Moon |
| 14:47 | Well Spring |
| 14:51 | Marksmanship |
| 15:05 | Hippogryph |
| 15:27 | Force of Nature |
| 15:28 | Trueshot Aura |
| 16:36 | Hippogryph |
| 16:38 | Advanced Moon Armor |
| 17:17 | Archer |
| 17:20 | Hippogryph |
| 17:33 | Scroll of Town Portal |
| 17:36 | Orb of Venom |
| 17:54 | Hippogryph |
| 17:58 | Archer |
| 17:58 | Archer |
| 23:15 | Hippogryph |
| 24:18 | Archer |
| 24:20 | Archer |
| 25:51 | Scout |
| 27:06 | Archer |
| 27:07 | Hippogryph |
| 27:10 | Archer |
| 27:12 | Hippogryph |
| 28:21 | Entangling Roots |
| 30:16 | Trueshot Aura |
| 30:58 | Hippogryph |
| 30:59 | Archer |
| 31:03 | Archer |
| 34:24 | Strength of the Wild |
| 34:24 | Reinforced Hides |
| 34:28 | Vorpal Blades |
| 34:38 | Searing Arrows |
| 35:11 | Tranquility |
| 36:29 | Boots of Speed |
| 36:29 | Boots of Speed |
| 38:03 | Tree of Ages |
| 38:10 | Nature's Blessing |
| 39:51 | Ancient Protector |
| 39:55 | Ancient Protector |
| 39:56 | Ancient Protector |
| 40:31 | Glaive Thrower |
| 42:31 | Moon Well |
| 42:33 | Moon Well |
| 42:34 | Moon Well |
| 42:35 | Moon Well |
| 43:41 | Moon Well |
| 43:42 | Moon Well |
| 43:44 | Moon Well |
| 43:47 | Moon Well |
| 45:25 | Glaive Thrower |
| 46:04 | Faerie Dragon |
| 46:07 | Faerie Dragon |
| 46:08 | Faerie Dragon |
| 46:08 | Faerie Dragon |
| 46:08 | Faerie Dragon |
| 46:09 | Faerie Dragon |
| 46:09 | Faerie Dragon |
| 47:47 | Improved Reinforced Hides |
| 47:47 | Improved Strength of the Wild |
| Right click | 2360 |
| Select | 586 |
| Select group | 424 |
| Misc. action | 162 |
| Build/train/purchase | 125 |
| Use ability | 76 |
| Assign group | 20 |
| Item give/drop | 2 |
| Remove unit | 2 |
| Minimap ping | 1 |


| Scroll of Town Portal | 4 | 1400 |
| total: | 4 | 1400g |
| Peasant | 13 | 975 | / | 0 |
| Footman | 5 | 675 | / | 0 |
| Gryphon Rider | 7 | 1960 | / | 490 |
| Mortar Team | 8 | 1440 | / | 560 |
| Priest | 7 | 945 | / | 70 |
| total: | 40 | 5995g | / | 1120w |
| Scout Tower | 14 | 420 | / | 280 |
| Guard Tower | 5 | 350 | / | 250 |
| Barracks | 1 | 160 | / | 60 |
| Farm | 13 | 1040 | / | 260 |
| Altar of Kings | 1 | 180 | / | 50 |
| Lumber Mill | 1 | 120 | / | 0 |
| Blacksmith | 1 | 140 | / | 60 |
| Town Hall | 1 | 385 | / | 205 |
| Gryphon Aviary | 2 | 280 | / | 300 |
| Workshop | 2 | 280 | / | 280 |
| Arcane Sanctum | 1 | 150 | / | 140 |
| Keep | 1 | 320 | / | 210 |
| Castle | 1 | 360 | / | 210 |
| total: | 37 | 3155g | / | 1635w |
| 0:14 | Peasant |
| 0:16 | Peasant |
| 0:24 | Barracks |
| 0:31 | Farm |
| 0:38 | Altar of Kings |
| 0:41 | Peasant |
| 0:59 | Peasant |
| 1:04 | Peasant |
| 1:19 | Farm |
| 1:29 | Footman |
| 1:46 | Footman |
| 1:58 | Farm |
| 2:20 | Footman |
| 2:34 | Footman |
| 3:15 | Keep |
| 3:24 | Lumber Mill |
| 3:32 | Storm Bolt |
| 4:01 | Footman |
| 4:35 | Bash |
| 5:39 | Blacksmith |
| 5:59 | Castle |
| 6:22 | Farm |
| 6:40 | Improved Lumber Harvesting |
| 7:04 | Farm |
| 7:32 | Holy Light |
| 7:35 | Storm Bolt |
| 7:44 | Gryphon Aviary |
| 7:47 | Gryphon Aviary |
| 8:15 | Iron Forged Swords |
| 8:23 | Advanced Lumber Harvesting |
| 8:26 | Peasant |
| 8:26 | Peasant |
| 9:07 | Gryphon Rider |
| 9:10 | Gryphon Rider |
| 10:08 | Gryphon Rider |
| 10:08 | Gryphon Rider |
| 10:18 | Farm |
| 11:14 | Town Hall |
| 12:15 | Storm Hammers |
| 12:17 | Steel Forged Swords |
| 12:38 | Farm |
| 13:53 | Divine Shield |
| 14:37 | Gryphon Rider |
| 14:54 | Mithril Forged Swords |
| 15:03 | Peasant |
| 15:04 | Peasant |
| 15:04 | Peasant |
| 15:04 | Peasant |
| 16:59 | Workshop |
| 17:09 | Workshop |
| 17:16 | Studded Leather Armor |
| 17:19 | Gryphon Rider |
| 17:19 | Gryphon Rider |
| 17:40 | Farm |
| 17:46 | Farm |
| 19:26 | Mortar Team |
| 19:26 | Mortar Team |
| 19:37 | Farm |
| 19:42 | Farm |
| 23:28 | Fragmentation Shards |
| 23:28 | Flare |
| 23:45 | Holy Light |
| 24:33 | Farm |
| 25:45 | Mortar Team |
| 25:46 | Mortar Team |
| 25:47 | Black Gunpowder |
| 26:15 | Arcane Sanctum |
| 28:16 | Thunder Clap |
| 28:25 | Priest |
| 28:25 | Priest |
| 28:25 | Priest |
| 29:25 | Refined Gunpowder |
| 29:33 | Priest Adept Training |
| 30:51 | Imbued Gunpowder |
| 31:00 | Farm |
| 32:49 | Scroll of Town Portal |
| 33:11 | Scroll of Town Portal |
| 34:28 | Scout Tower |
| 34:28 | Scout Tower |
| 34:28 | Scout Tower |
| 34:29 | Scout Tower |
| 34:35 | Scout Tower |
| 34:35 | Scout Tower |
| 34:35 | Scout Tower |
| 34:36 | Scout Tower |
| 34:39 | Priest |
| 34:39 | Priest |
| 34:39 | Priest |
| 36:18 | Guard Tower |
| 36:31 | Priest |
| 36:32 | Priest Master Training |
| 37:01 | Magic Sentry |
| 37:06 | Reinforced Leather Armor |
| 37:10 | Scroll of Town Portal |
| 37:10 | Scroll of Town Portal |
| 37:19 | Scout Tower |
| 37:20 | Scout Tower |
| 37:21 | Scout Tower |
| 37:22 | Scout Tower |
| 37:44 | Scout Tower |
| 37:46 | Scout Tower |
| 37:49 | Guard Tower |
| 37:57 | Guard Tower |
| 38:06 | Mortar Team |
| 38:06 | Mortar Team |
| 38:06 | Mortar Team |
| 38:07 | Mortar Team |
| 39:39 | Guard Tower |
| 42:19 | Dragonhide Armor |
| 44:11 | Improved Masonry |
| 44:21 | Peasant |
| 44:21 | Peasant |
| 45:15 | Storm Bolt |
| 45:48 | Devotion Aura |
| Right click | 926 |
| Select | 391 |
| Select group | 337 |
| Chat | 323 |
| Misc. action | 227 |
| Build/train/purchase | 139 |
| Use ability | 72 |
| Assign group | 21 |
| Item give/drop | 1 |
| Esc | 1 |
| Minimap ping | 1 |

| Orb of Venom | 1 | 325 |
| Scroll of Town Portal | 1 | 350 |
| total: | 2 | 675g |
| Wisp | 25 | 1500 | / | 0 |
| Archer | 11 | 1430 | / | 110 |
| Chimaera | 11 | 3630 | / | 770 |
| Druid of the Claw | 4 | 1020 | / | 320 |
| Mountain Giant | 2 | 700 | / | 200 |
| Glaive Thrower | 5 | 1050 | / | 325 |
| Dryad | 7 | 1015 | / | 420 |
| total: | 65 | 10345g | / | 2145w |
| Ancient Protector | 12 | 1620 | / | 960 |
| Moon Well | 9 | 1620 | / | 360 |
| Altar of Elders | 1 | 180 | / | 50 |
| Ancient of War | 1 | 150 | / | 60 |
| Ancient of Wonders | 1 | 90 | / | 30 |
| Hunter's Hall | 1 | 210 | / | 100 |
| Tree of Life | 1 | 340 | / | 185 |
| Ancient of Lore | 2 | 310 | / | 290 |
| Chimaera Roost | 2 | 280 | / | 380 |
| Tree of Ages | 1 | 320 | / | 180 |
| Tree of Eternity | 1 | 330 | / | 200 |
| total: | 30 | 4800g | / | 2415w |
| 0:09 | Wisp |
| 0:09 | Wisp |
| 0:12 | Moon Well |
| 0:15 | Altar of Elders |
| 0:47 | Wisp |
| 0:47 | Wisp |
| 0:47 | Wisp |
| 0:47 | Wisp |
| 1:10 | Ancient of War |
| 1:50 | Moon Well |
| 2:02 | Wisp |
| 2:02 | Wisp |
| 2:02 | Wisp |
| 2:03 | Wisp |
| 2:12 | Archer |
| 2:12 | Archer |
| 2:12 | Archer |
| 2:34 | Immolation |
| 2:49 | Ancient of Wonders |
| 3:10 | Moon Well |
| 3:12 | Tree of Ages |
| 3:16 | Archer |
| 4:23 | Moon Well |
| 4:31 | Archer |
| 4:32 | Archer |
| 4:37 | Hunter's Hall |
| 4:42 | Evasion |
| 5:15 | Archer |
| 5:15 | Archer |
| 5:15 | Archer |
| 5:22 | Moon Well |
| 5:41 | Ancient Protector |
| 5:44 | Strength of the Wild |
| 5:49 | Reinforced Hides |
| 6:52 | Ancient Protector |
| 6:54 | Tree of Eternity |
| 7:01 | Archer |
| 7:01 | Archer |
| 8:18 | Improved Strength of the Wild |
| 8:19 | Improved Reinforced Hides |
| 8:39 | Immolation |
| 9:41 | Tree of Life |
| 10:06 | Moon Well |
| 10:22 | Nature's Blessing |
| 10:34 | Wisp |
| 10:34 | Wisp |
| 10:34 | Wisp |
| 11:07 | Chimaera Roost |
| 11:58 | Wisp |
| 11:59 | Wisp |
| 11:59 | Wisp |
| 11:59 | Wisp |
| 12:00 | Wisp |
| 12:10 | Chimaera Roost |
| 13:27 | Corrosive Breath |
| 13:28 | Chimaera |
| 13:50 | Moon Well |
| 14:04 | Chimaera |
| 14:42 | Ancient Protector |
| 14:52 | Wisp |
| 14:52 | Wisp |
| 14:52 | Wisp |
| 14:53 | Wisp |
| 14:53 | Wisp |
| 15:12 | Chimaera |
| 15:44 | Chimaera |
| 15:46 | Chimaera |
| 16:13 | Moon Well |
| 16:45 | Ancient Protector |
| 16:48 | Ancient Protector |
| 17:05 | Advanced Strength of the Wild |
| 17:47 | Orb of Venom |
| 18:13 | Ancient of Lore |
| 19:40 | Evasion |
| 20:01 | Advanced Reinforced Hides |
| 20:04 | Druid of the Claw Adept Training |
| 20:11 | Chimaera |
| 20:45 | Moon Well |
| 20:57 | Druid of the Claw Master Training |
| 21:13 | Ancient of Lore |
| 21:36 | Mark of the Claw |
| 23:12 | Druid of the Claw |
| 23:13 | Druid of the Claw |
| 23:13 | Druid of the Claw |
| 23:25 | Wisp |
| 23:26 | Wisp |
| 23:32 | Ancient Protector |
| 25:22 | Chimaera |
| 25:23 | Chimaera |
| 25:26 | Druid of the Claw |
| 25:27 | Mountain Giant |
| 25:28 | Mountain Giant |
| 25:59 | Vorpal Blades |
| 26:13 | Ancient Protector |
| 26:58 | Glaive Thrower |
| 27:00 | Glaive Thrower |
| 28:15 | Glaive Thrower |
| 28:15 | Glaive Thrower |
| 30:22 | Glaive Thrower |
| 32:48 | Ancient Protector |
| 32:58 | Ancient Protector |
| 33:13 | Chimaera |
| 33:13 | Chimaera |
| 33:23 | Scroll of Town Portal |
| 34:29 | Ancient Protector |
| 34:33 | Ancient Protector |
| 34:37 | Ancient Protector |
| 41:15 | Abolish Magic |
| 41:21 | Dryad |
| 41:23 | Dryad |
| 42:32 | Dryad |
| 43:30 | Dryad |
| 43:30 | Dryad |
| 43:30 | Dryad |
| 43:30 | Dryad |
| 44:22 | Chimaera |
| Right click | 2165 |
| Select | 671 |
| Build/train/purchase | 140 |
| Use ability | 11 |
| Misc. action | 5 |
| Minimap ping | 5 |
| Remove unit | 2 |


| Scroll of Regeneration | 4 | 400 |
| Potion of Mana | 3 | 600 |
| Potion of Healing | 2 | 300 |
| Lesser Clarity Potion | 2 | 140 |
| Scroll of Town Portal | 4 | 1400 |
| Scroll of Healing | 2 | 500 |
| Potion of Lesser Invulnerability | 1 | 150 |
| Potion of Invisibility | 1 | 100 |
| Scroll of Protection | 1 | 150 |
| Boots of Speed | 1 | 250 |
| total: | 21 | 3990g |
| Peasant | 21 | 1575 | / | 0 |
| Rifleman | 9 | 1845 | / | 270 |
| Priest | 3 | 405 | / | 30 |
| Mortar Team | 7 | 1260 | / | 490 |
| Gryphon Rider | 10 | 2800 | / | 700 |
| total: | 50 | 7885g | / | 1490w |
| Scout Tower | 2 | 60 | / | 40 |
| Guard Tower | 2 | 140 | / | 100 |
| Blacksmith | 1 | 140 | / | 60 |
| Altar of Kings | 1 | 180 | / | 50 |
| Barracks | 1 | 160 | / | 60 |
| Farm | 16 | 1280 | / | 320 |
| Arcane Vault | 2 | 260 | / | 60 |
| Lumber Mill | 1 | 120 | / | 0 |
| Town Hall | 1 | 385 | / | 205 |
| Arcane Sanctum | 1 | 150 | / | 140 |
| Workshop | 2 | 280 | / | 280 |
| Gryphon Aviary | 2 | 280 | / | 300 |
| Keep | 1 | 320 | / | 210 |
| Castle | 1 | 360 | / | 210 |
| total: | 30 | 3295g | / | 1515w |
| 0:06 | Peasant |
| 0:07 | Peasant |
| 0:38 | Peasant |
| 0:48 | Blacksmith |
| 0:57 | Altar of Kings |
| 1:02 | Barracks |
| 1:05 | Farm |
| 1:11 | Farm |
| 1:17 | Peasant |
| 1:39 | Peasant |
| 1:49 | Farm |
| 2:12 | Rifleman |
| 2:19 | Farm |
| 2:26 | Farm |
| 2:29 | Farm |
| 2:54 | Rifleman |
| 3:11 | Bash |
| 3:21 | Rifleman |
| 3:38 | Arcane Vault |
| 3:44 | Arcane Vault |
| 3:58 | Rifleman |
| 4:13 | Peasant |
| 4:33 | Rifleman |
| 4:36 | Thunder Clap |
| 5:00 | Rifleman |
| 5:08 | Farm |
| 5:10 | Farm |
| 5:15 | Scroll of Regeneration |
| 5:31 | Lumber Mill |
| 6:11 | Keep |
| 6:13 | Rifleman |
| 6:18 | Thunder Clap |
| 6:40 | Rifleman |
| 6:43 | Black Gunpowder |
| 7:23 | Scroll of Regeneration |
| 7:24 | Scroll of Regeneration |
| 7:50 | Studded Leather Armor |
| 7:51 | Rifleman |
| 7:59 | Scout Tower |
| 8:00 | Scout Tower |
| 8:18 | Town Hall |
| 8:38 | Guard Tower |
| 9:21 | Arcane Sanctum |
| 9:24 | Improved Lumber Harvesting |
| 9:31 | Guard Tower |
| 10:31 | Holy Light |
| 11:28 | Long Rifles |
| 11:30 | Refined Gunpowder |
| 11:32 | Priest |
| 12:09 | Peasant |
| 12:09 | Peasant |
| 12:23 | Potion of Mana |
| 12:23 | Potion of Healing |
| 12:40 | Scroll of Town Portal |
| 12:46 | Lesser Clarity Potion |
| 14:11 | Peasant |
| 14:31 | Castle |
| 14:33 | Priest Adept Training |
| 15:17 | Workshop |
| 15:42 | Reinforced Leather Armor |
| 16:32 | Storm Bolt |
| 16:35 | Potion of Lesser Invulnerability |
| 16:37 | Scroll of Healing |
| 16:53 | Scroll of Town Portal |
| 16:54 | Scroll of Healing |
| 16:54 | Potion of Invisibility |
| 16:55 | Scroll of Protection |
| 16:57 | Boots of Speed |
| 17:04 | Mortar Team |
| 17:04 | Mortar Team |
| 17:06 | Priest Master Training |
| 17:24 | Imbued Gunpowder |
| 17:28 | Advanced Lumber Harvesting |
| 18:13 | Farm |
| 18:14 | Farm |
| 18:15 | Farm |
| 18:17 | Farm |
| 19:02 | Devotion Aura |
| 20:09 | Mortar Team |
| 20:09 | Mortar Team |
| 20:16 | Workshop |
| 22:20 | Mortar Team |
| 22:20 | Mortar Team |
| 22:46 | Peasant |
| 22:46 | Peasant |
| 22:51 | Priest |
| 22:51 | Priest |
| 23:18 | Gryphon Aviary |
| 23:20 | Gryphon Aviary |
| 23:58 | Iron Forged Swords |
| 24:05 | Mortar Team |
| 24:11 | Fragmentation Shards |
| 24:13 | Flare |
| 26:29 | Storm Hammers |
| 26:30 | Gryphon Rider |
| 26:57 | Holy Light |
| 28:27 | Gryphon Rider |
| 28:28 | Gryphon Rider |
| 28:34 | Peasant |
| 28:34 | Peasant |
| 29:35 | Gryphon Rider |
| 29:43 | Steel Forged Swords |
| 30:19 | Peasant |
| 30:19 | Peasant |
| 30:20 | Peasant |
| 30:21 | Peasant |
| 30:21 | Peasant |
| 30:51 | Gryphon Rider |
| 30:59 | Mithril Forged Swords |
| 32:21 | Dragonhide Armor |
| 32:26 | Farm |
| 32:27 | Farm |
| 32:28 | Farm |
| 32:29 | Farm |
| 34:12 | Storm Bolt |
| 34:20 | Gryphon Rider |
| 37:25 | Gryphon Rider |
| 38:56 | Gryphon Rider |
| 40:38 | Potion of Mana |
| 40:39 | Scroll of Town Portal |
| 40:43 | Scroll of Regeneration |
| 40:46 | Lesser Clarity Potion |
| 40:54 | Potion of Mana |
| 40:54 | Potion of Healing |
| 40:55 | Scroll of Town Portal |
| 45:27 | Avatar |
| 45:38 | Peasant |
| 45:38 | Peasant |
| 45:39 | Peasant |
| 46:28 | Gryphon Rider |
| 46:32 | Divine Shield |
| 47:04 | Gryphon Rider |
| Right click | 1893 |
| Select group | 592 |
| Select | 497 |
| Build/train/purchase | 166 |
| Assign group | 53 |
| Use ability | 53 |
| Misc. action | 35 |
| Chat | 19 |
| Minimap ping | 13 |
| Item give/drop | 2 |
| Remove unit | 2 |
88 units @ 8.5k
/ 0.4k
443 buildings @ 19.5k
/ 10.7k
BEARAND
(48:02) : 


x1)
| Staff of Sanctuary | 3 | 750 |
| Orb of Fire | 4 | 1300 |
| Boots of Speed | 4 | 1000 |
| Staff of Teleportation | 3 | 450 |
| Periapt of Vitality | 1 | 325 |
| Tome of Retraining | 1 | 300 |
| Circlet of Nobility | 1 | 175 |
| total: | 17 | 4300g |
| Peasant | 18 | 1350 | / | 0 |
| Priest | 1 | 135 | / | 10 |
| Sorceress | 1 | 155 | / | 20 |
| total: | 20 | 1640g | / | 30w |
| Scout Tower | 108 | 3240 | / | 2160 |
| Arcane Tower | 8 | 560 | / | 400 |
| Guard Tower | 40 | 2800 | / | 2000 |
| Altar of Kings | 1 | 180 | / | 50 |
| Farm | 3 | 240 | / | 60 |
| Lumber Mill | 1 | 120 | / | 0 |
| Town Hall | 1 | 385 | / | 205 |
| Arcane Vault | 2 | 260 | / | 60 |
| Arcane Sanctum | 1 | 150 | / | 140 |
| Keep | 1 | 320 | / | 210 |
| Castle | 1 | 360 | / | 210 |
| total: | 117 | 4575g | / | 2675w |
| 0:01 | Peasant |
| 0:01 | Peasant |
| 0:07 | Altar of Kings |
| 0:21 | Farm |
| 0:23 | Peasant |
| 0:33 | Lumber Mill |
| 0:39 | Peasant |
| 0:41 | Scout Tower |
| 0:43 | Farm |
| 0:51 | Peasant |
| 1:17 | Peasant |
| 1:23 | Scout Tower |
| 1:26 | Peasant |
| 1:42 | Scout Tower |
| 1:47 | Arcane Tower |
| 1:50 | Peasant |
| 1:57 | Peasant |
| 2:06 | Summon Water Elemental |
| 2:17 | Peasant |
| 2:18 | Peasant |
| 2:38 | Peasant |
| 2:39 | Peasant |
| 2:41 | Guard Tower |
| 2:41 | Guard Tower |
| 2:42 | Scout Tower |
| 2:45 | Scout Tower |
| 3:24 | Peasant |
| 3:40 | Keep |
| 4:06 | Boots of Speed |
| 4:06 | Staff of Teleportation |
| 4:30 | Town Hall |
| 5:08 | Farm |
| 5:10 | Guard Tower |
| 5:11 | Guard Tower |
| 5:12 | Scout Tower |
| 5:32 | Brilliance Aura |
| 5:40 | Guard Tower |
| 5:41 | Scout Tower |
| 5:43 | Scout Tower |
| 5:44 | Scout Tower |
| 5:44 | Scout Tower |
| 5:46 | Scout Tower |
| 5:47 | Scout Tower |
| 5:48 | Scout Tower |
| 5:50 | Scout Tower |
| 5:51 | Scout Tower |
| 5:51 | Scout Tower |
| 5:52 | Scout Tower |
| 5:52 | Scout Tower |
| 5:53 | Scout Tower |
| 5:54 | Scout Tower |
| 5:54 | Scout Tower |
| 6:28 | Arcane Tower |
| 6:36 | Arcane Sanctum |
| 7:16 | Guard Tower |
| 7:16 | Guard Tower |
| 7:25 | Castle |
| 7:34 | Guard Tower |
| 7:39 | Peasant |
| 7:39 | Peasant |
| 7:48 | Improved Masonry |
| 8:03 | Improved Lumber Harvesting |
| 8:20 | Guard Tower |
| 8:21 | Guard Tower |
| 8:22 | Peasant |
| 8:22 | Peasant |
| 8:25 | Storm Bolt |
| 8:36 | Guard Tower |
| 8:41 | Magic Sentry |
| 8:42 | Priest |
| 9:19 | Summon Water Elemental |
| 9:25 | Guard Tower |
| 9:25 | Guard Tower |
| 9:28 | Scout Tower |
| 9:28 | Scout Tower |
| 9:29 | Scout Tower |
| 9:29 | Scout Tower |
| 9:30 | Scout Tower |
| 9:32 | Scout Tower |
| 9:32 | Scout Tower |
| 9:33 | Scout Tower |
| 9:33 | Scout Tower |
| 9:34 | Scout Tower |
| 9:34 | Scout Tower |
| 9:36 | Scout Tower |
| 9:37 | Scout Tower |
| 9:37 | Scout Tower |
| 9:38 | Scout Tower |
| 9:38 | Scout Tower |
| 9:38 | Scout Tower |
| 9:39 | Scout Tower |
| 10:03 | Advanced Masonry |
| 10:04 | Advanced Lumber Harvesting |
| 10:06 | Guard Tower |
| 10:11 | Scout Tower |
| 10:11 | Scout Tower |
| 10:12 | Scout Tower |
| 10:12 | Scout Tower |
| 10:24 | Boots of Speed |
| 10:24 | Boots of Speed |
| 11:28 | Bash |
| 11:30 | Holy Light |
| 11:31 | Guard Tower |
| 11:33 | Arcane Tower |
| 11:33 | Guard Tower |
| 11:33 | Guard Tower |
| 11:34 | Guard Tower |
| 11:40 | Scout Tower |
| 11:40 | Scout Tower |
| 11:41 | Scout Tower |
| 11:42 | Scout Tower |
| 11:42 | Scout Tower |
| 11:52 | Boots of Speed |
| 11:52 | Staff of Teleportation |
| 12:27 | Arcane Vault |
| 12:31 | Arcane Vault |
| 13:45 | Guard Tower |
| 14:23 | Staff of Teleportation |
| 14:25 | Periapt of Vitality |
| 14:36 | Arcane Tower |
| 14:36 | Guard Tower |
| 14:41 | Scout Tower |
| 14:42 | Scout Tower |
| 14:42 | Scout Tower |
| 14:43 | Scout Tower |
| 15:20 | Scout Tower |
| 15:20 | Scout Tower |
| 15:21 | Scout Tower |
| 15:22 | Scout Tower |
| 15:23 | Scout Tower |
| 15:24 | Scout Tower |
| 15:24 | Scout Tower |
| 15:25 | Scout Tower |
| 16:02 | Divine Shield |
| 16:16 | Guard Tower |
| 16:16 | Guard Tower |
| 16:22 | Priest Adept Training |
| 16:22 | Sorceress Adept Training |
| 16:23 | Sorceress |
| 16:26 | Guard Tower |
| 16:27 | Guard Tower |
| 16:43 | Brilliance Aura |
| 16:54 | Storm Bolt |
| 16:56 | Staff of Sanctuary |
| 16:58 | Orb of Fire |
| 16:58 | Orb of Fire |
| 17:04 | Staff of Sanctuary |
| 17:05 | Orb of Fire |
| 17:05 | Orb of Fire |
| 17:22 | Tome of Retraining |
| 17:22 | Retrain Hero |
| 17:25 | Circlet of Nobility |
| 17:27 | Blizzard |
| 17:28 | Brilliance Aura |
| 17:28 | Blizzard |
| 17:28 | Brilliance Aura |
| 17:47 | Guard Tower |
| 19:49 | Guard Tower |
| 19:51 | Scout Tower |
| 19:51 | Scout Tower |
| 19:54 | Scout Tower |
| 19:55 | Scout Tower |
| 19:56 | Scout Tower |
| 19:57 | Scout Tower |
| 19:59 | Scout Tower |
| 20:27 | Guard Tower |
| 20:29 | Imbued Masonry |
| 20:33 | Sorceress Master Training |
| 20:33 | Priest Master Training |
| 22:11 | Staff of Sanctuary |
| 22:46 | Guard Tower |
| 22:48 | Guard Tower |
| 23:14 | Scout Tower |
| 23:15 | Scout Tower |
| 23:15 | Scout Tower |
| 23:16 | Scout Tower |
| 23:17 | Scout Tower |
| 23:18 | Scout Tower |
| 23:23 | Scout Tower |
| 23:24 | Scout Tower |
| 23:24 | Guard Tower |
| 23:45 | Scout Tower |
| 23:45 | Scout Tower |
| 23:45 | Scout Tower |
| 23:46 | Scout Tower |
| 23:46 | Scout Tower |
| 23:47 | Scout Tower |
| 23:47 | Scout Tower |
| 23:47 | Scout Tower |
| 25:29 | Holy Light |
| 27:00 | Arcane Tower |
| 27:01 | Scout Tower |
| 28:53 | Bash |
| 29:21 | Guard Tower |
| 29:28 | Guard Tower |
| 29:28 | Arcane Tower |
| 29:32 | Arcane Tower |
| 30:52 | Scout Tower |
| 30:53 | Scout Tower |
| 30:53 | Scout Tower |
| 30:54 | Scout Tower |
| 30:54 | Scout Tower |
| 30:55 | Scout Tower |
| 30:55 | Scout Tower |
| 30:56 | Scout Tower |
| 30:56 | Scout Tower |
| 30:57 | Scout Tower |
| 30:57 | Scout Tower |
| 30:58 | Scout Tower |
| 30:58 | Scout Tower |
| 30:58 | Scout Tower |
| 30:59 | Scout Tower |
| 30:59 | Scout Tower |
| 31:00 | Scout Tower |
| 31:00 | Scout Tower |
| 31:01 | Scout Tower |
| 31:02 | Scout Tower |
| 31:02 | Scout Tower |
| 31:02 | Scout Tower |
| 31:03 | Scout Tower |
| 31:03 | Scout Tower |
| 32:06 | Brilliance Aura |
| 32:38 | Guard Tower |
| 34:25 | Guard Tower |
| 34:51 | Guard Tower |
| 36:31 | Divine Shield |
| 47:04 | Mass Teleport |
| 47:05 | Storm Bolt |
| 47:12 | Holy Light |
| Right click | 4345 |
| Select | 830 |
| Select group | 792 |
| Chat | 363 |
| Build/train/purchase | 220 |
| Use ability | 188 |
| Assign group | 40 |
| Misc. action | 36 |
| Resource trade | 36 |
| Minimap ping | 21 |
| Item give/drop | 5 |
IcebergSlim
(48:02) : 


x1)
| Scroll of Regeneration | 1 | 100 |
| Orb of Fire | 2 | 650 |
| Staff of Sanctuary | 3 | 750 |
| Boots of Speed | 3 | 750 |
| Staff of Teleportation | 3 | 450 |
| Circlet of Nobility | 2 | 350 |
| Tome of Retraining | 1 | 300 |
| total: | 15 | 3350g |
| Peasant | 22 | 1650 | / | 0 |
| Priest | 1 | 135 | / | 10 |
| Dragonhawk Rider | 6 | 1200 | / | 180 |
| total: | 29 | 2985g | / | 190w |
| Scout Tower | 64 | 1920 | / | 1280 |
| Guard Tower | 52 | 3640 | / | 2600 |
| Arcane Tower | 1 | 70 | / | 50 |
| Altar of Kings | 2 | 360 | / | 100 |
| Farm | 21 | 1680 | / | 420 |
| Lumber Mill | 1 | 120 | / | 0 |
| Arcane Vault | 1 | 130 | / | 30 |
| Town Hall | 1 | 385 | / | 205 |
| Blacksmith | 1 | 140 | / | 60 |
| Arcane Sanctum | 1 | 150 | / | 140 |
| Gryphon Aviary | 3 | 420 | / | 450 |
| Keep | 1 | 320 | / | 210 |
| Castle | 1 | 360 | / | 210 |
| total: | 95 | 5305g | / | 2685w |
| 0:02 | Peasant |
| 0:02 | Peasant |
| 0:06 | Altar of Kings |
| 0:18 | Farm |
| 0:21 | Peasant |
| 0:34 | Peasant |
| 0:39 | Farm |
| 0:50 | Lumber Mill |
| 0:53 | Peasant |
| 0:53 | Peasant |
| 0:58 | Farm |
| 1:03 | Peasant |
| 1:11 | Peasant |
| 1:23 | Scout Tower |
| 1:29 | Peasant |
| 1:35 | Farm |
| 1:38 | Scout Tower |
| 1:41 | Peasant |
| 1:53 | Guard Tower |
| 1:56 | Peasant |
| 2:04 | Summon Water Elemental |
| 2:13 | Farm |
| 2:18 | Peasant |
| 2:20 | Guard Tower |
| 2:24 | Scout Tower |
| 2:34 | Peasant |
| 2:36 | Scout Tower |
| 2:49 | Peasant |
| 2:50 | Peasant |
| 2:52 | Farm |
| 2:55 | Guard Tower |
| 3:02 | Scout Tower |
| 3:16 | Improved Masonry |
| 3:26 | Arcane Tower |
| 3:49 | Boots of Speed |
| 3:53 | Staff of Teleportation |
| 4:01 | Guard Tower |
| 4:52 | Keep |
| 5:02 | Scout Tower |
| 5:05 | Scout Tower |
| 5:32 | Brilliance Aura |
| 5:37 | Guard Tower |
| 5:38 | Scout Tower |
| 5:51 | Guard Tower |
| 5:54 | Scout Tower |
| 6:06 | Guard Tower |
| 6:08 | Scout Tower |
| 6:24 | Farm |
| 6:28 | Scout Tower |
| 6:35 | Guard Tower |
| 6:37 | Scout Tower |
| 6:39 | Guard Tower |
| 7:11 | Guard Tower |
| 7:15 | Arcane Vault |
| 7:20 | Guard Tower |
| 7:30 | Advanced Masonry |
| 7:30 | Improved Lumber Harvesting |
| 7:40 | Arcane Sanctum |
| 7:57 | Peasant |
| 7:57 | Peasant |
| 8:36 | Storm Bolt |
| 8:50 | Castle |
| 8:52 | Magic Sentry |
| 9:00 | Summon Water Elemental |
| 9:07 | Town Hall |
| 9:09 | Scout Tower |
| 9:11 | Scout Tower |
| 9:12 | Scout Tower |
| 9:18 | Scout Tower |
| 9:20 | Scout Tower |
| 9:25 | Scout Tower |
| 9:38 | Priest |
| 9:42 | Guard Tower |
| 9:43 | Scout Tower |
| 9:45 | Scout Tower |
| 9:46 | Scout Tower |
| 9:49 | Scroll of Regeneration |
| 10:13 | Guard Tower |
| 10:51 | Guard Tower |
| 11:00 | Guard Tower |
| 11:02 | Scout Tower |
| 11:04 | Scout Tower |
| 11:29 | Guard Tower |
| 11:31 | Scout Tower |
| 11:33 | Guard Tower |
| 11:34 | Scout Tower |
| 11:47 | Boots of Speed |
| 12:04 | Guard Tower |
| 12:05 | Scout Tower |
| 12:11 | Staff of Teleportation |
| 12:20 | Holy Light |
| 12:22 | Guard Tower |
| 12:25 | Scout Tower |
| 12:28 | Imbued Masonry |
| 12:32 | Peasant |
| 12:39 | Guard Tower |
| 12:40 | Scout Tower |
| 12:48 | Peasant |
| 12:49 | Peasant |
| 12:54 | Guard Tower |
| 12:56 | Scout Tower |
| 13:18 | Boots of Speed |
| 13:25 | Scout Tower |
| 13:26 | Guard Tower |
| 13:29 | Scout Tower |
| 13:30 | Guard Tower |
| 13:52 | Guard Tower |
| 13:58 | Scout Tower |
| 14:00 | Scout Tower |
| 14:07 | Scout Tower |
| 14:10 | Scout Tower |
| 14:11 | Scout Tower |
| 14:12 | Guard Tower |
| 14:14 | Advanced Lumber Harvesting |
| 14:28 | Guard Tower |
| 14:30 | Scout Tower |
| 14:31 | Scout Tower |
| 14:43 | Guard Tower |
| 14:44 | Scout Tower |
| 15:03 | Scout Tower |
| 15:05 | Guard Tower |
| 15:14 | Bash |
| 15:30 | Guard Tower |
| 15:32 | Scout Tower |
| 15:34 | Guard Tower |
| 15:35 | Scout Tower |
| 15:38 | Scout Tower |
| 16:02 | Orb of Fire |
| 16:03 | Staff of Sanctuary |
| 16:25 | Guard Tower |
| 16:29 | Guard Tower |
| 16:30 | Scout Tower |
| 16:38 | Staff of Teleportation |
| 16:39 | Circlet of Nobility |
| 16:57 | Tome of Retraining |
| 16:57 | Retrain Hero |
| 17:00 | Blizzard |
| 17:01 | Blizzard |
| 17:01 | Brilliance Aura |
| 17:06 | Guard Tower |
| 17:07 | Scout Tower |
| 17:57 | Divine Shield |
| 18:01 | Guard Tower |
| 18:02 | Scout Tower |
| 18:37 | Altar of Kings |
| 18:48 | Guard Tower |
| 18:50 | Scout Tower |
| 18:52 | Scout Tower |
| 18:59 | Staff of Sanctuary |
| 18:59 | Orb of Fire |
| 19:14 | Gryphon Aviary |
| 19:16 | Gryphon Aviary |
| 19:19 | Blacksmith |
| 19:22 | Gryphon Aviary |
| 19:47 | Guard Tower |
| 19:48 | Scout Tower |
| 20:16 | Guard Tower |
| 20:17 | Scout Tower |
| 21:29 | Guard Tower |
| 22:00 | Peasant |
| 22:20 | Cloud |
| 23:41 | Peasant |
| 24:14 | Scout Tower |
| 24:52 | Guard Tower |
| 25:06 | Scout Tower |
| 25:08 | Scout Tower |
| 25:32 | Scout Tower |
| 25:35 | Scout Tower |
| 25:36 | Guard Tower |
| 25:41 | Guard Tower |
| 26:06 | Guard Tower |
| 26:08 | Scout Tower |
| 26:44 | Brilliance Aura |
| 26:54 | Guard Tower |
| 26:57 | Guard Tower |
| 26:58 | Scout Tower |
| 27:10 | Farm |
| 27:15 | Farm |
| 29:56 | Iron Forged Swords |
| 29:56 | Studded Leather Armor |
| 30:16 | Staff of Sanctuary |
| 30:29 | Guard Tower |
| 31:48 | Steel Forged Swords |
| 34:20 | Mithril Forged Swords |
| 34:21 | Reinforced Leather Armor |
| 35:00 | Storm Bolt |
| 36:16 | Scout Tower |
| 36:19 | Scout Tower |
| 37:11 | Guard Tower |
| 37:14 | Scout Tower |
| 37:16 | Guard Tower |
| 37:18 | Scout Tower |
| 37:37 | Dragonhide Armor |
| 37:40 | Circlet of Nobility |
| 37:42 | Guard Tower |
| 37:43 | Scout Tower |
| 37:48 | Scout Tower |
| 37:49 | Guard Tower |
| 38:11 | Guard Tower |
| 38:27 | Guard Tower |
| 40:08 | Scout Tower |
| 41:36 | Holy Light |
| 43:52 | Farm |
| 43:53 | Farm |
| 43:53 | Farm |
| 43:54 | Farm |
| 43:55 | Farm |
| 43:56 | Farm |
| 43:58 | Dragonhawk Rider |
| 43:58 | Dragonhawk Rider |
| 44:21 | Farm |
| 44:22 | Farm |
| 45:19 | Blizzard |
| 45:30 | Farm |
| 45:33 | Farm |
| 45:35 | Farm |
| 45:45 | Dragonhawk Rider |
| 45:45 | Dragonhawk Rider |
| 45:46 | Dragonhawk Rider |
| 45:47 | Dragonhawk Rider |
| 45:54 | Farm |
| 47:49 | Bash |
| Right click | 3933 |
| Select | 1108 |
| Select group | 557 |
| Misc. action | 328 |
| Build/train/purchase | 216 |
| Use ability | 160 |
| Assign group | 20 |
| Chat | 10 |
| Resource trade | 6 |
| Esc | 5 |
| Minimap ping | 5 |
| Item give/drop | 1 |



x1)
| Staff of Sanctuary | 3 | 750 |
| Orb of Fire | 2 | 650 |
| Staff of Teleportation | 3 | 450 |
| Boots of Speed | 3 | 750 |
| Periapt of Vitality | 4 | 1300 |
| Tome of Retraining | 1 | 300 |
| total: | 16 | 4200g |
| Peasant | 14 | 1050 | / | 0 |
| Priest | 1 | 135 | / | 10 |
| Dragonhawk Rider | 6 | 1200 | / | 180 |
| total: | 21 | 2385g | / | 190w |
| Scout Tower | 127 | 3810 | / | 2540 |
| Arcane Tower | 7 | 490 | / | 350 |
| Guard Tower | 39 | 2730 | / | 1950 |
| Altar of Kings | 1 | 180 | / | 50 |
| Farm | 6 | 480 | / | 120 |
| Lumber Mill | 1 | 120 | / | 0 |
| Arcane Vault | 4 | 520 | / | 120 |
| Barracks | 1 | 160 | / | 60 |
| Blacksmith | 1 | 140 | / | 60 |
| Town Hall | 1 | 385 | / | 205 |
| Arcane Sanctum | 1 | 150 | / | 140 |
| Gryphon Aviary | 1 | 140 | / | 150 |
| Keep | 1 | 320 | / | 210 |
| Castle | 1 | 360 | / | 210 |
| total: | 144 | 6085g | / | 3445w |
| 0:04 | Peasant |
| 0:04 | Peasant |
| 0:07 | Altar of Kings |
| 0:19 | Farm |
| 0:21 | Peasant |
| 0:21 | Peasant |
| 0:32 | Peasant |
| 0:32 | Peasant |
| 0:47 | Scout Tower |
| 0:50 | Lumber Mill |
| 0:59 | Farm |
| 1:20 | Peasant |
| 1:20 | Peasant |
| 1:27 | Arcane Tower |
| 1:31 | Peasant |
| 1:52 | Peasant |
| 1:57 | Scout Tower |
| 2:03 | Peasant |
| 2:13 | Scout Tower |
| 2:27 | Summon Water Elemental |
| 2:34 | Peasant |
| 2:34 | Peasant |
| 2:35 | Peasant |
| 2:38 | Guard Tower |
| 2:40 | Scout Tower |
| 2:44 | Guard Tower |
| 2:46 | Scout Tower |
| 3:15 | Guard Tower |
| 3:17 | Scout Tower |
| 3:39 | Keep |
| 3:46 | Guard Tower |
| 3:59 | Staff of Teleportation |
| 3:59 | Boots of Speed |
| 4:05 | Improved Masonry |
| 4:16 | Farm |
| 4:17 | Farm |
| 4:24 | Scout Tower |
| 4:25 | Scout Tower |
| 4:26 | Scout Tower |
| 5:29 | Guard Tower |
| 5:32 | Brilliance Aura |
| 6:02 | Castle |
| 6:27 | Guard Tower |
| 6:30 | Arcane Vault |
| 6:31 | Arcane Vault |
| 6:32 | Arcane Vault |
| 6:34 | Arcane Sanctum |
| 7:20 | Storm Bolt |
| 7:30 | Advanced Masonry |
| 7:32 | Arcane Vault |
| 7:36 | Scout Tower |
| 7:36 | Scout Tower |
| 7:39 | Staff of Teleportation |
| 7:44 | Boots of Speed |
| 8:52 | Summon Water Elemental |
| 9:04 | Magic Sentry |
| 9:06 | Imbued Masonry |
| 9:09 | Guard Tower |
| 9:24 | Priest |
| 9:24 | Priest Adept Training |
| 9:28 | Holy Light |
| 9:56 | Staff of Teleportation |
| 9:57 | Boots of Speed |
| 11:13 | Bash |
| 12:39 | Divine Shield |
| 12:53 | Priest Master Training |
| 12:55 | Scout Tower |
| 12:55 | Scout Tower |
| 12:56 | Scout Tower |
| 12:57 | Scout Tower |
| 12:57 | Scout Tower |
| 12:58 | Scout Tower |
| 12:58 | Scout Tower |
| 13:51 | Guard Tower |
| 13:56 | Scout Tower |
| 13:56 | Scout Tower |
| 13:57 | Scout Tower |
| 13:58 | Scout Tower |
| 13:59 | Scout Tower |
| 13:59 | Scout Tower |
| 14:00 | Scout Tower |
| 14:02 | Staff of Sanctuary |
| 14:04 | Staff of Sanctuary |
| 14:05 | Orb of Fire |
| 14:07 | Staff of Sanctuary |
| 14:07 | Orb of Fire |
| 14:17 | Scout Tower |
| 14:18 | Scout Tower |
| 14:18 | Scout Tower |
| 14:19 | Scout Tower |
| 14:19 | Scout Tower |
| 14:20 | Scout Tower |
| 14:23 | Guard Tower |
| 14:24 | Guard Tower |
| 14:37 | Guard Tower |
| 15:35 | Storm Bolt |
| 15:43 | Brilliance Aura |
| 15:51 | Arcane Tower |
| 15:54 | Guard Tower |
| 16:10 | Arcane Tower |
| 16:26 | Periapt of Vitality |
| 16:27 | Periapt of Vitality |
| 16:38 | Holy Light |
| 17:36 | Arcane Tower |
| 17:37 | Scout Tower |
| 17:38 | Scout Tower |
| 17:38 | Scout Tower |
| 17:39 | Scout Tower |
| 17:40 | Scout Tower |
| 17:45 | Scout Tower |
| 17:46 | Scout Tower |
| 17:47 | Scout Tower |
| 17:49 | Scout Tower |
| 17:49 | Scout Tower |
| 17:50 | Scout Tower |
| 17:51 | Scout Tower |
| 17:52 | Scout Tower |
| 17:52 | Scout Tower |
| 17:53 | Scout Tower |
| 18:43 | Arcane Tower |
| 19:37 | Arcane Tower |
| 19:40 | Barracks |
| 19:41 | Gryphon Aviary |
| 19:42 | Blacksmith |
| 19:53 | Guard Tower |
| 19:55 | Arcane Tower |
| 20:27 | Guard Tower |
| 20:33 | Farm |
| 20:33 | Farm |
| 20:49 | Guard Tower |
| 21:18 | Studded Leather Armor |
| 21:19 | Dragonhawk Rider |
| 21:19 | Dragonhawk Rider |
| 21:20 | Dragonhawk Rider |
| 21:21 | Animal War Training |
| 21:25 | Guard Tower |
| 21:33 | Tome of Retraining |
| 21:33 | Retrain Hero |
| 21:36 | Brilliance Aura |
| 21:36 | Blizzard |
| 21:36 | Blizzard |
| 21:42 | Periapt of Vitality |
| 22:10 | Scout Tower |
| 22:10 | Scout Tower |
| 22:11 | Scout Tower |
| 22:11 | Scout Tower |
| 22:12 | Scout Tower |
| 22:13 | Scout Tower |
| 22:13 | Scout Tower |
| 22:14 | Scout Tower |
| 22:14 | Scout Tower |
| 22:57 | Guard Tower |
| 22:59 | Scout Tower |
| 23:00 | Scout Tower |
| 23:01 | Scout Tower |
| 23:02 | Scout Tower |
| 23:03 | Scout Tower |
| 23:04 | Scout Tower |
| 23:05 | Scout Tower |
| 23:05 | Scout Tower |
| 23:05 | Scout Tower |
| 23:06 | Scout Tower |
| 23:07 | Scout Tower |
| 23:07 | Scout Tower |
| 23:08 | Scout Tower |
| 23:14 | Reinforced Leather Armor |
| 23:18 | Town Hall |
| 23:23 | Scout Tower |
| 23:24 | Scout Tower |
| 23:25 | Scout Tower |
| 23:25 | Scout Tower |
| 23:26 | Scout Tower |
| 23:27 | Scout Tower |
| 23:27 | Scout Tower |
| 23:28 | Scout Tower |
| 23:29 | Scout Tower |
| 23:29 | Scout Tower |
| 23:29 | Scout Tower |
| 23:30 | Scout Tower |
| 23:31 | Scout Tower |
| 23:32 | Scout Tower |
| 23:32 | Scout Tower |
| 23:33 | Scout Tower |
| 23:34 | Scout Tower |
| 23:35 | Scout Tower |
| 23:35 | Scout Tower |
| 23:36 | Scout Tower |
| 23:37 | Scout Tower |
| 23:37 | Scout Tower |
| 23:39 | Scout Tower |
| 23:40 | Scout Tower |
| 23:41 | Scout Tower |
| 23:55 | Dragonhawk Rider |
| 23:58 | Guard Tower |
| 23:59 | Guard Tower |
| 24:12 | Bash |
| 24:16 | Guard Tower |
| 24:29 | Dragonhawk Rider |
| 24:31 | Dragonhide Armor |
| 24:39 | Guard Tower |
| 24:41 | Guard Tower |
| 25:43 | Blizzard |
| 25:48 | Guard Tower |
| 25:52 | Guard Tower |
| 25:56 | Dragonhawk Rider |
| 26:15 | Guard Tower |
| 26:16 | Guard Tower |
| 26:49 | Guard Tower |
| 27:03 | Guard Tower |
| 27:15 | Iron Forged Swords |
| 27:18 | Guard Tower |
| 27:22 | Scout Tower |
| 27:22 | Scout Tower |
| 27:23 | Scout Tower |
| 27:24 | Scout Tower |
| 27:30 | Guard Tower |
| 27:32 | Scout Tower |
| 27:32 | Scout Tower |
| 27:33 | Scout Tower |
| 27:33 | Scout Tower |
| 27:34 | Scout Tower |
| 27:36 | Scout Tower |
| 27:36 | Scout Tower |
| 27:37 | Scout Tower |
| 27:38 | Scout Tower |
| 27:38 | Scout Tower |
| 27:39 | Scout Tower |
| 28:15 | Guard Tower |
| 29:25 | Guard Tower |
| 29:59 | Devotion Aura |
| 30:09 | Guard Tower |
| 30:47 | Guard Tower |
| 30:51 | Guard Tower |
| 32:50 | Scout Tower |
| 32:51 | Scout Tower |
| 34:09 | Guard Tower |
| 39:08 | Periapt of Vitality |
| 41:36 | Storm Bolt |
| 42:32 | Scout Tower |
| 42:33 | Scout Tower |
| 42:33 | Scout Tower |
| 42:35 | Scout Tower |
| 42:36 | Scout Tower |
| 42:38 | Scout Tower |
| 42:44 | Scout Tower |
| 42:45 | Scout Tower |
| 42:46 | Scout Tower |
| 43:06 | Holy Light |
| 43:08 | Brilliance Aura |
| 43:37 | Scout Tower |
| 43:38 | Scout Tower |
| 43:38 | Scout Tower |
| 43:43 | Guard Tower |
| 44:15 | Guard Tower |
| 44:16 | Guard Tower |
| 44:18 | Scout Tower |
| 44:18 | Scout Tower |
| 44:19 | Scout Tower |
| 44:20 | Scout Tower |
| 44:20 | Scout Tower |
| 48:01 | Avatar |
| Right click | 3873 |
| Select group | 3440 |
| Select | 417 |
| Use ability | 250 |
| Build/train/purchase | 179 |
| Misc. action | 141 |
| Chat | 138 |
| Assign group | 21 |
| Minimap ping | 16 |
| Item give/drop | 8 |
| Esc | 2 |
iggythefisk
(48:02) : 


x1)
| Staff of Sanctuary | 3 | 750 |
| Orb of Fire | 3 | 975 |
| Scroll of Regeneration | 1 | 100 |
| Lesser Clarity Potion | 1 | 70 |
| Boots of Speed | 3 | 750 |
| Staff of Teleportation | 3 | 450 |
| Periapt of Vitality | 2 | 650 |
| Tome of Retraining | 1 | 300 |
| Circlet of Nobility | 2 | 350 |
| total: | 19 | 4395g |
| Peasant | 15 | 1125 | / | 0 |
| Priest | 3 | 405 | / | 30 |
| total: | 18 | 1530g | / | 30w |
| Scout Tower | 76 | 2280 | / | 1520 |
| Arcane Tower | 11 | 770 | / | 550 |
| Guard Tower | 27 | 1890 | / | 1350 |
| Altar of Kings | 1 | 180 | / | 50 |
| Lumber Mill | 2 | 240 | / | 0 |
| Farm | 5 | 400 | / | 100 |
| Arcane Vault | 2 | 260 | / | 60 |
| Arcane Sanctum | 1 | 150 | / | 140 |
| Keep | 2 | 640 | / | 420 |
| Castle | 1 | 360 | / | 210 |
| total: | 87 | 3510g | / | 1870w |
| 0:02 | Peasant |
| 0:04 | Altar of Kings |
| 0:07 | Peasant |
| 0:07 | Peasant |
| 0:12 | Lumber Mill |
| 0:21 | Farm |
| 0:34 | Peasant |
| 0:44 | Peasant |
| 1:00 | Scout Tower |
| 1:04 | Scout Tower |
| 1:05 | Peasant |
| 1:10 | Peasant |
| 1:21 | Peasant |
| 1:32 | Arcane Tower |
| 1:36 | Farm |
| 1:40 | Peasant |
| 1:43 | Peasant |
| 2:03 | Arcane Tower |
| 2:05 | Summon Water Elemental |
| 2:14 | Peasant |
| 2:19 | Arcane Vault |
| 2:29 | Peasant |
| 2:57 | Scout Tower |
| 3:08 | Peasant |
| 3:15 | Peasant |
| 3:29 | Peasant |
| 3:40 | Brilliance Aura |
| 3:47 | Keep |
| 4:00 | Guard Tower |
| 4:01 | Scout Tower |
| 4:11 | Farm |
| 4:26 | Boots of Speed |
| 4:33 | Scout Tower |
| 4:34 | Guard Tower |
| 5:12 | Scout Tower |
| 5:13 | Guard Tower |
| 5:29 | Improved Masonry |
| 5:42 | Scout Tower |
| 5:43 | Guard Tower |
| 6:01 | Scout Tower |
| 6:09 | Castle |
| 6:16 | Farm |
| 6:17 | Scout Tower |
| 6:21 | Summon Water Elemental |
| 6:33 | Arcane Sanctum |
| 6:52 | Scout Tower |
| 6:52 | Guard Tower |
| 6:55 | Scout Tower |
| 6:56 | Scout Tower |
| 7:09 | Storm Bolt |
| 7:26 | Boots of Speed |
| 7:26 | Staff of Teleportation |
| 7:37 | Guard Tower |
| 7:42 | Arcane Tower |
| 7:46 | Advanced Masonry |
| 7:47 | Improved Lumber Harvesting |
| 7:47 | Magic Sentry |
| 7:50 | Guard Tower |
| 8:26 | Scout Tower |
| 8:26 | Guard Tower |
| 9:07 | Scout Tower |
| 9:07 | Guard Tower |
| 9:23 | Staff of Teleportation |
| 9:37 | Priest Adept Training |
| 9:38 | Priest |
| 9:41 | Scout Tower |
| 9:43 | Holy Light |
| 9:51 | Bash |
| 10:06 | Boots of Speed |
| 10:06 | Staff of Teleportation |
| 11:09 | Scout Tower |
| 11:10 | Guard Tower |
| 11:36 | Scout Tower |
| 11:36 | Scout Tower |
| 11:38 | Scout Tower |
| 11:38 | Scout Tower |
| 11:44 | Farm |
| 11:45 | Imbued Masonry |
| 11:45 | Advanced Lumber Harvesting |
| 12:13 | Scout Tower |
| 12:14 | Scout Tower |
| 12:14 | Scout Tower |
| 12:15 | Scout Tower |
| 12:18 | Arcane Vault |
| 12:27 | Brilliance Aura |
| 12:38 | Divine Shield |
| 12:54 | Guard Tower |
| 12:59 | Priest |
| 13:02 | Arcane Tower |
| 13:02 | Guard Tower |
| 13:03 | Guard Tower |
| 13:22 | Storm Bolt |
| 13:47 | Scout Tower |
| 13:48 | Scout Tower |
| 13:48 | Scout Tower |
| 14:06 | Lumber Mill |
| 14:17 | Guard Tower |
| 14:21 | Scout Tower |
| 14:22 | Scout Tower |
| 14:31 | Guard Tower |
| 14:40 | Priest Master Training |
| 14:40 | Priest |
| 14:44 | Guard Tower |
| 14:50 | Arcane Tower |
| 14:59 | Scout Tower |
| 15:15 | Arcane Tower |
| 15:38 | Arcane Tower |
| 15:40 | Scout Tower |
| 15:40 | Scout Tower |
| 16:19 | Holy Light |
| 16:51 | Guard Tower |
| 16:54 | Scout Tower |
| 16:55 | Scout Tower |
| 16:55 | Scout Tower |
| 16:56 | Scout Tower |
| 18:07 | Periapt of Vitality |
| 18:18 | Tome of Retraining |
| 18:18 | Retrain Hero |
| 18:20 | Blizzard |
| 18:21 | Blizzard |
| 18:21 | Brilliance Aura |
| 19:39 | Guard Tower |
| 19:40 | Scout Tower |
| 19:42 | Scout Tower |
| 19:46 | Scout Tower |
| 19:47 | Scout Tower |
| 19:50 | Scout Tower |
| 19:51 | Scout Tower |
| 19:51 | Scout Tower |
| 19:52 | Scout Tower |
| 19:52 | Scout Tower |
| 19:53 | Scout Tower |
| 19:54 | Scout Tower |
| 19:55 | Scout Tower |
| 19:55 | Scout Tower |
| 20:16 | Periapt of Vitality |
| 20:18 | Circlet of Nobility |
| 20:28 | Guard Tower |
| 20:34 | Scout Tower |
| 20:36 | Scout Tower |
| 20:36 | Scout Tower |
| 20:37 | Scout Tower |
| 20:37 | Scout Tower |
| 20:38 | Scout Tower |
| 20:39 | Scout Tower |
| 20:43 | Staff of Sanctuary |
| 20:56 | Orb of Fire |
| 21:10 | Arcane Tower |
| 21:10 | Arcane Tower |
| 21:19 | Scout Tower |
| 21:20 | Scout Tower |
| 21:22 | Scout Tower |
| 21:22 | Scout Tower |
| 21:23 | Scout Tower |
| 21:24 | Scout Tower |
| 21:24 | Scout Tower |
| 21:25 | Scout Tower |
| 21:33 | Orb of Fire |
| 21:38 | Staff of Sanctuary |
| 25:27 | Staff of Sanctuary |
| 25:27 | Orb of Fire |
| 25:33 | Guard Tower |
| 25:38 | Guard Tower |
| 25:39 | Scout Tower |
| 25:40 | Scout Tower |
| 25:41 | Scout Tower |
| 25:42 | Scout Tower |
| 25:42 | Scout Tower |
| 25:44 | Scout Tower |
| 25:44 | Scout Tower |
| 25:54 | Scroll of Regeneration |
| 25:56 | Lesser Clarity Potion |
| 26:11 | Arcane Tower |
| 26:17 | Circlet of Nobility |
| 26:57 | Bash |
| 30:16 | Arcane Tower |
| 30:18 | Guard Tower |
| 34:45 | Blizzard |
| 34:50 | Divine Shield |
| 35:17 | Scout Tower |
| 35:17 | Scout Tower |
| 35:18 | Scout Tower |
| 36:40 | Guard Tower |
| 36:41 | Scout Tower |
| 36:42 | Scout Tower |
| 37:39 | Guard Tower |
| 47:04 | Storm Bolt |
| Right click | 3475 |
| Select group | 2178 |
| Select | 586 |
| Assign group | 529 |
| Chat | 389 |
| Use ability | 271 |
| Build/train/purchase | 212 |
| Misc. action | 75 |
| Resource trade | 11 |
| Item give/drop | 10 |
| Remove unit | 2 |
| Minimap ping | 1 |
⇛